 Dungeon Crawl Stone Soup version bcrawl-1.12-10-g10a67aac0f (webtiles) character file.

Game seed: 2642984776054977501

37 Banto the Insei (level 3, -9/28 HPs)
             Began as a Draconian Transmuter on June 11, 2019.
             Killed by nerve-wracking pain
             ... invoked by an orc priest
              (11 damage)
             ... on level 2 of the Dungeon.
             The game lasted 00:01:42 (1223 turns).

Banto the Insei (Draconian Transmuter)              Turns: 1223, Time: 00:01:43

Health: -9/28      AC:  5    Str: 12    XL:     3   Next: 23%
Magic:  5/6        EV: 12    Int: 13    God:
Gold:   77         SH:  0    Dex: 12    Spells: 4/7 levels left

rFire    . . .     SeeInvis .     - Unarmed
rCold    . . .     Gourm    .   (no shield)
rNeg     . . .     Faith    .   (armour unavailable)
rPois    .         Spirit   .   (helmet restricted)
rElec    .         Reflect  .   (no cloak)
rCorr    .         Harm     .   (no gloves)
MR       .....                  (no boots)
Stlth    +.........             (no amulet)
HPRegen  0.09/turn              (no ring)
MPRegen  0.10/turn              (no ring)

@: no status effects
A: unfitting armour, cold-blooded, AC +5
a: no special abilities


You were on level 2 of the Dungeon.
You were hungry.

You visited 1 branch of the dungeon, and saw 2 of its levels.

You collected 77 gold pieces.

Inventory:

Missiles
 a - 80 arrows
Scrolls
 g - a scroll of teleportation
 i - 3 scrolls of enchant weapon
Potions
 b - 2 potions of brilliance {unknown}
 c - a potion of lignification
 e - a potion of haste {unknown}
 f - 2 potions of heal wounds {unknown}
 k - a potion of flight {unknown}
Comestibles
 d - 3 rations {!d}
 h - 7 chunks of flesh


   Skills:
 - Level 1.1 Fighting
 - Level 1.7 Dodging
 + Level 3.5 Unarmed Combat
 + Level 2.5 Spellcasting
 + Level 2.6 Transmutations


You had 4 spell levels left.
You knew the following spells:

 Your Spells              Type           Power        Failure   Level  Hunger
a - Beastly Appendage     Tmut           #.....       9%          1    #......
b - Sticks to Snakes      Tmut           #.......     12%         2    ###....

Your spell library contained the following spells:

 Spells                   Type           Power        Failure   Level  Hunger
 Magic Dart               Conj           #...         24%         1    #......
 Slow                     Hex            #.......     24%         1    #......
 Blink                    Tloc           N/A          36%         2    ###....
 Call Imp                 Summ           #.......     36%         2    ###....
 Spider Form              Tmut/Pois      #.........   38%         3    ###....
 Conjure Flame            Conj/Fire      #.......     58%         3    ###....
 Mephitic Cloud           Conj/Pois/Air  #.......     58%         3    ###....
 Ice Form                 Ice/Tmut       #.......     80%         4    #####..
 Blade Hands              Tmut           #.........   92%         5    ######.


Dungeon Overview and Level Annotations

Branches:
Dungeon (2/12)

Altars:


Innate Abilities, Weirdness & Mutations

Your plain brown scales are hard. (AC +5)
You cannot fit into any form of body armour.
You are cold-blooded and may be slowed by cold attacks.


Message History

The orc priest is moderately wounded.
Your ball python bites the orc priest but does no damage.
Your ball python constricts the orc priest.
The orc hits you from afar with a +0 trident.
* * * LOW HITPOINT WARNING * * *
You hit the orc priest but do no damage.
The orc priest is moderately wounded.
The orc priest hits you with a +0 mace.
* * * LOW HITPOINT WARNING * * *
Your ball python bites the orc priest but does no damage.
Your ball python constricts the orc priest.
The orc misses you.
You hit the orc priest.
You tail-slap the orc priest, but do no damage.
The orc priest is heavily wounded.
Your ball python bites the orc priest.
Your ball python constricts the orc priest.
The orc priest mumbles some strange prayers to Beogh against you.
Pain shoots through your body!
You die...

..#.....#
#.# #.....#
#.#
....o....
#.#
#.#...###
#.# . ##.#
#.# #. #.#
#. #o#
####.####.#
.......So@#
########.##
#.# #.# #.#
#.# #.# #.#
#.#


You could see an orc priest, an orc and a friendly ball python.

Vanquished Creatures
  An ooze (D:1)
  A worm (D:1)
  4 leopard geckos (D:1)
  3 giant cockroaches
  2 goblins (D:1)
  2 hobgoblins (D:1)
  A jackal (D:2)
  2 kobolds (D:1)
  A quokka (D:2)
  A ball python (D:1)
  A bat (D:2)
  3 frilled lizards (D:1)
  2 rats
24 creatures vanquished.

Vanquished Creatures (collateral kills)
  2 jackals (D:2)
2 creatures vanquished.

Grand Total: 26 creatures vanquished

Notes
Turn   | Place    | Note
-------+----------+-------------------------------------------
     0 | D:1      | Banto the Draconian Transmuter began the quest for the Orb.
     0 | D:1      | Reached XP level 1. HP: 16/16 MP: 3/3
   371 | D:1      | Reached XP level 2. HP: 23/23 MP: 5/5
   821 | D:1      | Learned a level 2 spell: Sticks to Snakes
   993 | D:1      | Reached XP level 3. HP: 28/28 MP: 6/6
  1223 | D:2      | Killed from afar by an orc priest

Action                   || total
-------------------------++-------
Melee: Unarmed           ||   125
       Tailslap          ||    11
       Kick              ||     2
       Punch             ||     1
 Cast: Beastly Appendage ||     3
       Sticks to Snakes  ||     4
  Use: Scroll            ||     3
 Stab: Sleeping          ||     1
  Eat: Chunk             ||     1
Armor: Skin              ||    37
Dodge: Dodged            ||    81
